Cogmind - Beta 10.2 @@@ ROGUE MODE // 2021.02.16 @ 19:44:44 Player: Momo Result: Self-destructed Performance ------------- Evolutions (2) 1000 Regions Visited (6) 1200 Robots Destroyed (63) 315 Value Destroyed (1715) 1715 Prototype IDs (13) 260 Alien Tech Used (0) 0 Bonus (19) 19 TOTAL SCORE: 4509 Bonus ------- High Alert Combat Kills 71 Friendly Fire -52 Cogmind --------- Core Integrity 231/550 Matter 7/300 Energy 40/100 System Corruption 0% Temperature Cool (0) Movement Core (100) Ox1 Location -8/Materials Parts ------- > --- POWER (1) -------- (None) > --- PROPULSION (2) --- (None) > --- UTILITY (6) ------ Large Storage Unit Weight Redist. System Advanced Signal Interpreter Core Analyzer Improved Utility Shielding > --- WEAPON (2) ------- (None) > --- INVENTORY (10) --- Large Storage Unit Experimental Sensor Array Flak Cannon Rocket Launcher Heavy Missile Launcher Heavy Missile Launcher Heavy Missile Launcher Heavy Missile Launcher Axe Peak State ------------ > --- POWER ------------ Improved Ion Engine > --- PROPULSION ------- Carbon-fiber Leg Compact Wheel > --- UTILITY ---------- Heat Sink Large Storage Unit Large Storage Unit Weight Redist. System Hardened Light Armor Plating Hardened Medium Armor Plating > --- WEAPON ----------- Flak Cannon Flak Cannon > --- INVENTORY -------- Large Storage Unit Large Storage Unit Experimental Sensor Array Signal Interpreter Advanced Signal Interpreter Core Analyzer Flak Cannon Flak Cannon Rocket Launcher Rocket Launcher Heavy Missile Launcher Heavy Missile Launcher Heavy Missile Launcher Heavy Missile Launcher [Rating: 26] Favorites ----------- Power Improved Ion Engine Engine Improved Ion Engine Power Core Light Nuclear Core Propulsion Carbon-fiber Leg Treads Light Treads Leg Carbon-fiber Leg Wheel Compact Wheel Utility Large Storage Unit Device Heat Sink Storage Large Storage Unit Processor Core Analyzer Protection Hardened Light Armor Plating Weapon Flak Cannon Energy Gun EM Pulse Gun Energy Cannon Light EM Pulse Cannon Ballistic Gun Heavy Assault Rifle Ballistic Cannon Flak Cannon Special Weapon Mining Laser Build | -11 -10 -9 -9 -9 -8 -8 ------- Run | Scr Mat Mat Min Exi Min Mat Slots Evolved 4 | . . 2 . . . 2 Power . | . . . . . . . Propulsion . | . . . . . . . Utility 4 | . . 2 . . . 2 Weapon . | . . . . . . . Parts Attached 41 | 6 6 17 2 . . 10 Power 4 | 1 . 2 . . . 1 Engine 3 | 1 . 1 . . . 1 Core 1 | . . 1 . . . . Reactor . | . . . . . . . Propulsion 8 | 2 2 2 . . . 2 Treads 1 | . . . . . . 1 Leg 2 | . . 2 . . . . Wheel 5 | 2 2 . . . . 1 Hover . | . . . . . . . Flight . | . . . . . . . Utility 19 | 1 3 7 2 . . 6 Device 7 | . . 4 1 . . 2 Storage 3 | 1 1 . 1 . . . Processor 2 | . . . . . . 2 Hackware . | . . . . . . . Protection 7 | . 2 3 . . . 2 Artifact . | . . . . . . . Weapon 10 | 2 1 6 . . . 1 Energy Gun 4 | 2 . 2 . . . . Energy Cannon 1 | . . 1 . . . . Ballistic Gun 1 | . . 1 . . . . Ballistic Cannon 3 | . . 2 . . . 1 Launcher . | . . . . . . . Special Weapon 1 | . 1 . . . . . Impact Weapon . | . . . . . . . Slashing Weapon . | . . . . . . . Piercing Weapon . | . . . . . . . Special Melee Weapon . | . . . . . . . Unidentified Prototypes 1 | . . . 1 . . . Parts Lost 28 | . 7 10 . . . 11 Power 4 | . . 2 . . . 2 Propulsion 7 | . 2 1 . . . 4 Utility 10 | . 2 5 . . . 3 Weapon 7 | . 3 2 . . . 2 Highest Loss Streak 7 | . 7 3 . . . 7 Average Slot Usage (%) 88 | . 75 83 99 100 100 90 Engine 9 | . 14 7 11 11 11 8 Core 1 | . . 3 . . . . Leg 11 | . . 12 22 22 22 9 Wheel 8 | . 26 8 . . . 5 Device 11 | . . 13 11 11 11 15 Storage 15 | . 14 11 21 22 22 17 Protection 10 | . 2 7 11 11 11 16 Energy Gun 3 | . 17 2 . . . . Ballistic Gun 1 | . . 3 . . . . Ballistic Cannon 13 | . . 11 22 22 22 16 Naked Turns . | . . . . . . . Heaviest Build 65 | 13 29 42 57 57 57 65 Greatest Support 30 | 26 26 30 30 30 30 30 Greatest Overweight (x) 12 | . 1 3 1 1 1 12 Average Overweight (x) 1 | . . 1 1 1 1 2 Largest Inventory Capacity 16 | 6 12 10 16 16 16 16 Average Capacity 12 | 5 8 10 15 16 16 15 Most Carried 16 | . 8 10 10 10 10 16 Average Carried 9 | . 5 8 10 10 10 13 Final Capacity 16 | 6 10 10 16 16 16 10 Final Carried 10 | . 7 10 10 10 10 9 Class Distribution -------------------- 71% | Mutant 28% | Scavenger-Mutant Dominant Class ---------------- Mutant | -10/Materials Mutant | -9/Materials Mutant | -9/Mines Mutant | -9/Exiles Mutant | -8/Mines Scavenger-Mutant | -8/Materials Resources | -11 -10 -9 -9 -9 -8 -8 ----------- Run | Scr Mat Mat Min Exi Min Mat Matter Collected 1248 | 234 51 511 36 . 80 336 Remotely . | . . . . . . . Salvage Created 1833 | . 199 1036 30 . 79 489 Parts 115 | . 8 65 2 . 10 30 Haulers Intercepted 4 | . . 2 . . . 2 Recyclers Shooed . | . . . . . . . Parts Field Recycled . | . . . . . . . Retrieved Matter . | . . . . . . . Parts Self-Destructed . | . . . . . . . Prevented . | . . . . . . . Kills | -11 -10 -9 -9 -9 -8 -8 ------- Run | Scr Mat Mat Min Exi Min Mat Combat Hostiles Destroyed 54 | . 4 25 2 . 4 19 Guns 14 | . 4 10 . . . . Cannons 38 | . . 13 2 . 4 19 AOE 1 | . . 1 . . . . Classes Destroyed 8 | . 1 4 . . 1 2 Hauler 4 | . . 2 . . . 2 Recycler 1 | . . . . . 1 . Operator 1 | . . . . . . 1 Watcher 3 | . . 2 . . . 1 Swarmer 19 | . . 3 2 . 4 10 Grunt 22 | . 4 13 . . . 5 Brawler 1 | . . . . . . 1 Sentry 12 | . . 9 . . . 3 Best Kill Streak 7 | . 2 4 3 . 5 7 Combat Bots Only 7 | . 2 4 2 . 4 7 Max Kills in Single Turn 3 | . 1 1 1 . 2 3 Gunslinging . | . . . . . . . Exploded 1 | . . 1 . . . . Melee . | . . . . . . . Uniques/NPCs Destroyed . | . . . . . . . Combat | -11 -10 -9 -9 -9 -8 -8 -------- Run | Scr Mat Mat Min Exi Min Mat Damage Taken 3546 | . 714 1155 29 . 54 1594 Core 701 | . 152 223 . . 7 319 Absorbed by Shields 24 | . . . . . . 24 Core Remaining (%) 60 | 100 39 . . . 42 . Volleys Fired 144 | . 13 67 3 . 5 56 Largest 2 | . 2 2 2 . 2 2 Hottest 112 | . 100 112 88 . 88 88 Shots Fired 259 | . 20 125 6 . 10 98 Gun 67 | . 18 49 . . . . Cannon 190 | . . 76 6 . 10 98 Launcher . | . . . . . . . Special 2 | . 2 . . . . . Kinetic 193 | . . 79 6 . 10 98 Thermal 27 | . 9 18 . . . . Explosive . | . . . . . . . Electromagnetic 39 | . 11 28 . . . . Robot Hit Streak 12 | . 11 12 2 . 2 8 Robot Miss Streak 15 | . 1 12 15 . 8 12 Penetration Max . | . . . . . . . Secondary Targets 1 | . 1 . . . . . Max Gunslinging Chain 1 | . 1 . . . . . Shots Hit Robots 206 | . 15 95 3 . 6 87 Core Hits 155 | . 10 60 4 . 9 72 Critical Hits 1 | . . 1 . . . . Critical Kills 1 | . . 1 . . . . Critical Parts Destroyed . | . . . . . . . Melee Attacks . | . . . . . . . Impact . | . . . . . . . Slashing . | . . . . . . . Piercing . | . . . . . . . Sneak Attacks . | . . . . . . . Combat Hostiles . | . . . . . . . Follow-up Attacks . | . . . . . . . Damage Inflicted 3428 | . 235 1816 52 . 100 1225 Guns 671 | . 187 484 . . . . Cannons 2616 | . . 1259 52 . 100 1205 Explosions 67 | . . 67 . . . . Melee . | . . . . . . . Ramming 26 | . . 6 . . . 20 Kinetic 2437 | . . 1080 52 . 100 1205 Thermal 381 | . 109 272 . . . . Explosive . | . . . . . . . Electromagnetic 584 | . 126 458 . . . . Impact . | . . . . . . . Slashing . | . . . . . . . Piercing . | . . . . . . . Highest Corruption 2 | . 2 . . . . . Average Corruption 2 | . 2 . . . . . Corruption Purged . | . . . . . . . Effects 2 | . 2 . . . . . Message Errors 1 | . 1 . . . . . Energy Discharges 1 | . 1 . . . . . Overload Shots . | . . . . . . . Overflow Damage 24 | . . 24 . . . . Projectiles 24 | . . 24 . . . . Explosions . | . . . . . . . Melee . | . . . . . . . Knockbacks 54 | . . 10 . . 3 41 Impact . | . . . . . . . Kinetic 51 | . . 10 . . 3 38 Secondary 3 | . . . . . . 3 Self-Inflicted Damage 30 | . . 30 . . . . Shots 1 | . . 1 . . . . Rammed 2 | . . 1 . . . 1 Targets Rammed 2 | . . 1 . . . 1 Kicked . | . . . . . . . Crushed . | . . . . . . . Highest Temperature 306 | . 195 306 12 . 30 171 Average Temperature 59 | . 67 78 6 . 15 50 Received Heat Transfer 1562 | . 411 465 . . . 686 Siege Activations . | . . . . . . . Robots Corrupted 1 | . . 1 . . . . Combat Hostiles 1 | . . 1 . . . . Parts Fried 1 | . 1 . . . . . Impact Corruptions . | . . . . . . . Robots Melted . | . . . . . . . Combat Hostiles . | . . . . . . . Parts Melted 3 | . 1 2 . . . . Heat Transferred 903 | . 285 618 . . . . Parts Sabotaged . | . . . . . . . Parts Stolen . | . . . . . . . Parts Stripped . | . . . . . . . Power Chain Reactions 1 | . . 1 . . . . Missiles Intercepted . | . . . . . . . Alert | -11 -10 -9 -9 -9 -8 -8 ------- Run | Scr Mat Mat Min Exi Min Mat Peak Influence 503 | . 120 503 197 . 95 291 Initial 157 | . . 12 157 . . 37 Average 216 | . 59 333 176 . 47 180 Maximum Alert Level 2 | . . 2 . . . 1 Low Security (%) 56 | 100 100 16 100 . 100 62 Level 1 30 | . . 50 . . . 37 Level 2 12 | . . 33 . . . . Level 3 . | . . . . . . . Level 4 . | . . . . . . . Level 5 . | . . . . . . . High Security . | . . . . . . . Max Security . | . . . . . . . Squads Dispatched 3 | . . 1 . . . 2 Investigation 1 | . . . . . . 1 Extermination . | . . . . . . . Reinforcement 2 | . . 1 . . . 1 Assault . | . . . . . . . Garrison . | . . . . . . . Intercept . | . . . . . . . Construction Impeded . | . . . . . . . Haulers Reinforced . | . . . . . . . Stealth | -11 -10 -9 -9 -9 -8 -8 --------- Run | Scr Mat Mat Min Exi Min Mat Distress Signals 4 | . 1 . . . . 3 Communications Jammed . | . . . . . . . Distress Signals . | . . . . . . . Times Spotted 87 | . 10 37 2 . 4 34 Peak Tracking Total 6 | . 5 4 2 . 4 6 Tactical Retreats 6 | . 2 3 . . . 1 Traps | -11 -10 -9 -9 -9 -8 -8 ------- Run | Scr Mat Mat Min Exi Min Mat Traps Triggered 3 | . 1 1 . . . 1 Indirectly . | . . . . . . . Trap Hack Attempts . | . . . . . . . Triggered . | . . . . . . . Disarmed 6 | . 6 . . . . . Reprogrammed . | . . . . . . . Reused . | . . . . . . . Traps Extracted . | . . . . . . . Installed . | . . . . . . . Triggered . | . . . . . . . Machines | -11 -10 -9 -9 -9 -8 -8 ---------- Run | Scr Mat Mat Min Exi Min Mat Machines Disabled . | . . . . . . . Max in Single Turn . | . . . . . . . Machines Sabotaged . | . . . . . . . Garrisons Compromised . | . . . . . . . Overloaded Fab Kills . | . . . . . . . Fab Network Shutdowns . | . . . . . . . Hacking | -11 -10 -9 -9 -9 -8 -8 --------- Run | Scr Mat Mat Min Exi Min Mat Machines Accessed 17 | . 4 9 . . . 4 Terminals 17 | . 4 9 . . . 4 Fabricators . | . . . . . . . Repair Stations . | . . . . . . . Recycling Units . | . . . . . . . Scanalyzers . | . . . . . . . Garrison Access . | . . . . . . . Total Hacks 47 | . 11 26 . . . 10 Successful 21 | . 4 11 . . . 6 Failed 26 | . 7 15 . . . 4 Catastrophic 5 | . 1 3 . . . 1 Database Lockouts . | . . . . . . . Manual 26 | . 6 15 . . . 5 Terminals 47 | . 11 26 . . . 10 Fabricators . | . . . . . . . Repair Stations . | . . . . . . . Recycling Units . | . . . . . . . Scanalyzers . | . . . . . . . Garrison Access . | . . . . . . . Terminal Hacks 14 | . 4 6 . . . 4 Robot Analysis 1 | . 1 . . . . . Prototype ID Bank 8 | . 2 4 . . . 2 Branch Access Points 1 | . . . . . . 1 Disarm Traps 1 | . 1 . . . . . Registered Components 1 | . . 1 . . . . Zone Layout 2 | . . 1 . . . 1 Fabricator Hacks . | . . . . . . . Repair Station Hacks . | . . . . . . . Recycling Unit Hacks . | . . . . . . . Scanalyzer . | . . . . . . . Garrison Access Hacks . | . . . . . . . Unauthorized Hacks 7 | . . 5 . . . 2 Terminals 7 | . . 5 . . . 2 Track 2 | . . 1 . . . 1 Assimilate 1 | . . 1 . . . . Botnet 2 | . . 2 . . . . Operators 2 | . . 1 . . . 1 Fabricators . | . . . . . . . Repair Stations . | . . . . . . . Recycling Units . | . . . . . . . Scanalyzers . | . . . . . . . Garrison Access . | . . . . . . . Data Cores Recovered . | . . . . . . . Used . | . . . . . . . Hacking Detections 16 | . 4 9 . . . 3 Full Trace Events . | . . . . . . . Feedback Events . | . . . . . . . Feedback Blocked . | . . . . . . . Robot Schematics Acquired . | . . . . . . . Robots Built . | . . . . . . . Matter . | . . . . . . . Time . | . . . . . . . Total Robot Build Rating . | . . . . . . . Part Schematics Acquired . | . . . . . . . Parts Built . | . . . . . . . Matter . | . . . . . . . Time . | . . . . . . . Total Part Build Rating . | . . . . . . . Parts Repaired . | . . . . . . . Time . | . . . . . . . Parts Recycled . | . . . . . . . Recycled Matter . | . . . . . . . Retrieved Matter . | . . . . . . . Retrieved Components . | . . . . . . . Parts Scanalyzed . | . . . . . . . Part Schematics Acquired . | . . . . . . . Parts Damaged . | . . . . . . . Bothacking | -11 -10 -9 -9 -9 -8 -8 ------------ Run | Scr Mat Mat Min Exi Min Mat Used RIF Installer . | . . . . . . . Robots Hacked . | . . . . . . . Non-combat . | . . . . . . . Combat . | . . . . . . . Robot Hacks Applied . | . . . . . . . Relay Couplers Released . | . . . . . . . Robots Rewired . | . . . . . . . Allies Hacked . | . . . . . . . Hacks Repelled . | . . . . . . . Allies | -11 -10 -9 -9 -9 -8 -8 -------- Run | Scr Mat Mat Min Exi Min Mat Total Allies 2 | . . 1 1 . . . Largest Group 2 | . . 1 2 1 1 1 Highest-Rated Group 41 | . . 10 41 10 10 10 Highest-Rated Ally 31 | . . 10 31 10 10 10 Total Orders . | . . . . . . . Ally Attacks . | . . . . . . . Total Damage . | . . . . . . . Kills . | . . . . . . . Allies Corrupted . | . . . . . . . Allies Melted . | . . . . . . . Intel | -11 -10 -9 -9 -9 -8 -8 ------- Run | Scr Mat Mat Min Exi Min Mat Robot Analysis Total 1 | . 1 . . . . . Derelict Logs Recovered . | . . . . . . . Drone Launches . | . . . . . . . Drone Recoveries . | . . . . . . . Exploration | -11 -10 -9 -9 -9 -8 -8 ------------- Run | Scr Mat Mat Min Exi Min Mat Turns Passed 3615 | 47 465 1298 444 212 83 1066 Spaces Moved 2389 | 45 437 848 284 138 40 597 Core 26 | 2 . . . . . 24 Treads 53 | . . . . . . 53 Legs 985 | . . 399 284 138 40 124 Wheels 1325 | 43 437 449 . . . 396 Hover . | . . . . . . . Flight . | . . . . . . . Fastest Speed 50 | 50 90 90 150 150 150 100 Average Speed 127 | 85 92 121 150 150 150 145 Slowest Speed 650 | 90 110 150 150 150 150 650 Overloaded Moves . | . . . . . . . Propulsion Burnouts . | . . . . . . . Robots Hopped . | . . . . . . . Cave-ins Triggered . | . . . . . . . Exploration Rate (%) 49 | 3 76 88 40 50 22 65 Regions Visited 6 Branch Regions 3 Pre-discovered Areas 1 | . . . 1 . . . Known Exits Taken . | . . . . . . . Unknown Exits Taken 6 | 1 1 1 1 1 1 . Scrap Searched 1 | . . . . . 1 . Spaces Dug . | . . . . . . . Terrain Destroyed 3 | . . 3 . . . . Melee . | . . . . . . . Projectile . | . . . . . . . AOE 3 | . . 3 . . . . Terrain Rammed . | . . . . . . . Walls Destroyed . | . . . . . . . Machines Disabled . | . . . . . . . Actions | -11 -10 -9 -9 -9 -8 -8 --------- Run | Scr Mat Mat Min Exi Min Mat Total 2700 | 50 475 987 295 143 53 697 Wait 82 | . 8 35 7 6 9 17 Move 2383 | 44 436 847 283 137 39 597 Hop . | . . . . . . . Pick Up 32 | . 11 12 . . . 9 Fast Attach 26 | 6 2 13 1 . . 4 Attach 14 | . 4 4 . . . 6 Detach . | . . . . . . . Swap 1 | . . . 1 . . . Drop 16 | . 1 8 . . . 7 Fire 144 | . 13 67 3 . 5 56 Melee . | . . . . . . . Ram 1 | . . 1 . . . . Kick . | . . . . . . . Crush 1 | . . . . . . 1 Escape Stasis . | . . . . . . . Rewire . | . . . . . . . Trap . | . . . . . . . Miscellaneous . | . . . . . . . Route ------- -11/Scrapyard -10/Materials (discovered 3 exits: *Mat x3) -9/Materials (discovered 4 exits: *Mat x3 / [*Min]) -9/Mines -9/Exiles -8/Mines -8/Materials (discovered 2 exits: [*Fac x2]) History --------- Turn | Location | Event 21 | -11/Scrapyard | Discovered new exit (range 14) 48 | -11/Scrapyard | Entered Materials 275 | -10/Materials | Discovered new exit (range 11) 312 | -10/Materials | Build established: Mutant 362 | -10/Materials | Discovered new exit (range 16) 408 | -10/Materials | Core integrity fell below 50% 456 | -10/Materials | Lost 7 parts (2n2u3w) 489 | -10/Materials | Discovered new exit (range 12) 513 | -10/Materials | Entered another Materials area 513 | -9/Materials | Evolved 2 slots: Utility x2 705 | -9/Materials | Discovered new exit (range 5) 885 | -9/Materials | Discovered new exit (range 5) 982 | -9/Materials | Build established: Scavenger-Mutant 988 | -9/Materials | Lost 3 parts (1n2u) 993 | -9/Materials | Discovered new exit (range 10) 1399 | -9/Materials | Build established: Mutant 1420 | -9/Materials | Discovered new exit (range 16) 1445 | -9/Materials | Core integrity fell below 50% 1811 | -9/Materials | Entered Mines 1811 | -9/Mines | Accompanied by 1 ally 1813 | -9/Mines | Met a Derelict bent on vengeance 1820 | -9/Mines | Escorted by a lone wolf Derelict 1838 | -9/Mines | Found a damaged Exp. Sensor Array with a note attached 1840 | -9/Mines | Learned location of Storage (-7) 1841 | -9/Mines | Found Prototype Device 1841 | -9/Mines | Identified Exp. Sensor Array 1928 | -9/Mines | Deemed a non-threat by the Exiles lab entrance 1928 | -9/Mines | Discovered new exit (range 5) 2255 | -9/Mines | Entered Exiles 2255 | -9/Exiles | Found Exiles lab abandoned 2255 | -9/Exiles | Accompanied by 2 allies 2438 | -9/Exiles | Discovered new exit (range 15) 2467 | -9/Exiles | Entered Mines 2467 | -8/Mines | Accompanied by 1 ally 2523 | -8/Mines | Discovered new exit (range 11) 2550 | -8/Mines | Entered Materials 2550 | -8/Materials | Accompanied by 1 ally 2550 | -8/Materials | Evolved 2 slots: Utility x2 3062 | -8/Materials | Destroyed 7 combat bots 3329 | -8/Materials | Discovered new exit (range 9) 3374 | -8/Materials | Build established: Scavenger-Mutant 3598 | -8/Materials | Core integrity fell below 50% 3606 | -8/Materials | Discovered new exit (range 11) 3610 | -8/Materials | Lost 7 parts (1p2n3u1w) 3616 | -8/Materials | Self-destructed Last Messages --------------- 03529_ Atomic Centrifuge disabled. 03529_ G-47 Trooper knocked back. 03531_ Carbon-fiber Leg destroyed. 03532_ G-47 Trooper knocked back. 03535_ Hrd. Light Armor Plating destroyed. 03535_ G-47 Trooper knocked back. 03535_ G-47 Trooper destroyed. 03548_ Lgt. Ion Engine destroyed. 03551_ Slammed into G-47 Trooper. 03562_ Flak Cannon destroyed. 03568_ Hardlight Generator destroyed. 03568_ Terminal disabled. 03571_ Hrd. Medium Armor Plating destroyed. 03579_ Lgt. Treads destroyed. 03587_ Dropped Heat Sink. 03587_ Dropped Flak Cannon. 03591_ Dropped Signal Interpreter. 03591_ Dropped Rocket Launcher. 03592_ Dropped Lrg. Storage Unit. 03606_ EXIT=FOUND Map ----- +----------------------------------------------------+ | | | | | | | | | | | | | | | | | | | | | ??????????????????????????????????? | | ??????????????????????????????????? | | ??????????????????????????????????? | | ??????????????????????????????????? | | ??????????????????????????????????? | | ??????????????????????????????????? | | ??????????????????????????????????? | | ??????????????????????????????????? | | ??????????????????????????????????? | | ??????????????????????????????????? | | ??????????????????????????????????? | | ??????????????????????????????????? | | ????????????????###############???? | | ????????????????# # #???? | | ###?????????????# # < #???? | | #?????????????# @# #???? | | +?????????????# + #???? | | #?????????????# """ """ # #???? | | #?????????????# """ """ # #???? | | #???????????????? """ """ # #???? | | ?????????????????? # #???? | | ????????????????########### #???? | | ????????????????# # #???? | | ????????????????# # #???? | | ????????????????# # #???? | | ????????????????# / #???? | | ####????????????# # #???? | | #?????#??????# # #???? | | # ??? #??????# # #???? | | # """ #??????# # #???? | | # """ #??????#####+##### #???? | | # """ #??????????# #???? | | # """ #??????????# #???? | | # """ #??????????# #???? | | # #???########! ###???? | | /# #?? # !! #?????? | | %# ??? #* ]!!#?????? | | ###+#### # "T"] #?????? | | # # "" #?????? | | + # #?????? | +----------------------------------------------------+ Best States ------------- Heat Dissipation 48 Energy Generation 14 Energy Capacity 265 Matter Stores 300 Matter Capacity 300 Sight Range 16 Terrain Scan Density 10 Additional Mass Support 6 Armor Coverage 375 Utility Shielding 66 Evasion (%) 44 Core Analysis 6 Recoil Reduction 1 Item Schematics ----------------- None Robot Schematics ------------------ None Fabricated ------------ Nothing Alien Tech Used ----------------- None Achievements -------------- None Challenges ------------ None Game ------ Seed MicroLaserAutohacker Manual? 0 Play Time 00:26:25 Cumulative 205.3 hours Start 2021.02.16 @ 19:20:32 End 2021.02.16 @ 19:44:44 Sessions 1 Manual Loads 0 Difficulty Rogue Special Mode None Game No. 89 Rogue 85 Adventurer 0 Explorer 4 Win Type - Total 12 Types 4/0/2/2/0/2/2/0/0 Lore% 73 Gallery% 78 Achievement% 67 Wizard Run 0 Options --------- ASCII 0 Keyboard 0 Movement Mouse Keybinds 0 Fullscreen 1 Font 18/SmallcapsGlow Map View 76x50 Tactical HUD 1 Map Filters NONE Filters NONE Steam 1 RUN: 23c0ff2c-193f-441c-b2d1-12105495955a